[Event "Titled Tuesday Blitz April 26 Early 2022"]
[White "Abdrlauf, Elham"]
[Black "Vovk, Orest"]
[WhiteFideId "1533533"]
[BlackFideId "14113490"]
[WhiteElo "2334"]
[BlackElo "2203"]
[Result "1-0"]
[Round "02"]
[TimeControl "180+1"]
[Date "2022.04.26"]
[WhiteClock "0:00:17"]
[BlackClock "0:00:03"]

1. e4 d6 2. d4 Nd7 3. Nf3 e5 4. Nc3 Ngf6 5. Bc4 exd4 6. Nxd4 Be7 7. O-O O-O 8. Re1 Nc5 9. h3 Re8 10. Qf3 h6 11. Bf4 Bf8 12. Rad1 Qe7 13. e5 dxe5 14. Rxe5 Qxe5 15. Bxe5 Rxe5 16. Ndb5 Bf5 17. Nxc7 Rc8 18. N7d5 Nxd5 19. Rxd5 Re1+ 20. Kh2 Bxc2 21. Rd2 Bg6 22. Nd5 Ne4 23. Re2 Bd6+ 24. g3 Ng5 25. Qb3 Rxe2 26. Bxe2 Rc1 27. h4 Ne4 28. Qf3 h5 29. Nf4 Bxf4 30. Qxf4 Rc2 31. Qe3 Rxb2 32. Kg1 Rxa2 33. Bxh5 Nxf2 34. Bxg6 Nh3+ 35. Kf1 Rf2+ 36. Ke1 fxg6 37. Qe6+ Rf7 38. Qxh3 b6 39. Qc8+ Kh7 40. Qe8 Rf5 41. Ke2 a5 42. Qa8 Re5+ 43. Kf3 Rc5 44. Qa6 Rc3+ 45. Kg2 Rb3 46. Qc4 Rb4 47. Qc2 a4 48. Kh3 Rb3 49. h5 Kg8 50. hxg6 Kf8 51. Qe4 1-0


[Site "https://www.chess.com"]

[Event "Titled Tuesday Blitz April 26 Early 2022"]
[White "Akrakan"]
[Black "Wachinger, Guenther"]
[BlackFideId "4604261"]
[WhiteElo "2044"]
[BlackElo "2212"]
[Result "0-1"]
[Round "02"]
[TimeControl "180+1"]
[Date "2022.04.26"]
[WhiteClock "0:01:36"]
[BlackClock "0:01:47"]

1. e4 c5 2. Nf3 d6 3. c3 Nf6 4. Qc2 g6 5. d4 cxd4 6. cxd4 Bg7 7. Nc3 O-O 8. Be2 Nc6 9. O-O Bg4 10. Be3 Rc8 11. Qd2 Re8 12. h3 Bxf3 13. Bxf3 e5 14. d5 Na5 15. b3 b6 16. Rac1 Nb7 17. Nb5 a6 18. Na7 Rxc1 19. Rxc1 Nc5 20. Nc6 Qd7 21. Bxc5 bxc5 22. Qa5 Qb7 23. Rc4 Nd7 24. Ra4 Ra8 25. Be2 Nb6 26. Ra3 f5 27. f3 fxe4 28. fxe4 Bh6 29. Bxa6 Be3+ 30. Kh1 Qf7 31. Qxb6 Qf2 32. Ne7+ Kf7 33. Nxg6 Qg1# 0-1


[Site "https://www.chess.com"]

[Event "Titled Tuesday Blitz April 26 Early 2022"]
[White "Alekseenko, Kirill"]
[Black "Csonka, Balazs"]
[WhiteFideId "4135539"]
[BlackFideId "742910"]
[WhiteElo "2682"]
[BlackElo "2404"]
[Result "1-0"]
[Round "02"]
[TimeControl "180+1"]
[Date "2022.04.26"]
[WhiteClock "0:00:16"]
[BlackClock "0:00:04"]

1. e4 c6 2. d4 d5 3. e5 Bf5 4. Nd2 e6 5. Nb3 c5 6. Bb5+ Nc6 7. dxc5 Bxc5 8. Bxc6+ bxc6 9. Nxc5 Qa5+ 10. c3 Qxc5 11. Be3 Qb5 12. Ne2 Qxb2 13. O-O Ne7 14. Bc5 Qb5 15. Bd6 c5 16. c4 dxc4 17. Nc3 Qd7 18. Re1 O-O 19. Bxc5 Qxd1 20. Raxd1 Rfe8 21. Nb5 Nd5 22. Nd6 Bd3 23. Nxe8 Rxe8 24. Bd6 h5 25. Rd2 Rc8 26. f3 Bf5 27. Rc1 c3 28. Rd4 c2 29. Rd2 Nc3 30. Rcxc2 Ne2+ 31. Rxe2 Rxc2 32. Re3 Rxa2 33. Rc3 a5 34. Rc7 a4 35. Ra7 Bd3 36. h4 Bf5 37. Kh2 Bd3 38. Kg1 Ra1+ 39. Kf2 Ra2+ 40. Ke3 Bf5 41. g3 Bg6 42. Kf4 Bf5 43. g4 hxg4 44. fxg4 Bd3 45. h5 Bb1 46. Kg5 a3 47. h6 gxh6+ 48. Kxh6 Rh2+ 49. Kg5 Kh7 50. Rxa3 Kg8 51. Be7 Kh7 52. Bf6 Rh6 53. Ra7 Rg6+ 54. Kf4 Rxf6+ 55. exf6 Kg6 56. g5 Bf5 57. Ra8 e5+ 58. Kxe5 Kxg5 59. Rg8+ Bg6 60. Rh8 Bh5 61. Rb8 Bg6 62. Rb2 Bh5 63. Rg2+ Bg4 64. Rg1 Kh5 65. Kd6 Be6 66. Ke7 Kh6 67. Rg7 Ba2 68. Rxf7 Bxf7 69. Kxf7 1-0


[Site "https://www.chess.com"]

[Event "Titled Tuesday Blitz April 26 Early 2022"]
[White "Andreikin, Dmitry"]
[Black "Wagner, Dennis"]
[WhiteFideId "4158814"]
[BlackFideId "24650684"]
[WhiteElo "2736"]
[BlackElo "2355"]
[Result "1-0"]
[Round "02"]
[TimeControl "180+1"]
[Date "2022.04.26"]
[WhiteClock "0:01:21"]
[BlackClock "0:00:02"]

1. d4 Nf6 2. Nf3 d5 3. c4 e6 4. Nc3 c5 5. cxd5 cxd4 6. Nxd4 Nxd5 7. Bd2 Bc5 8. Nb3 Bb6 9. e4 Nxc3 10. Bxc3 O-O 11. Qg4 e5 12. Qg3 Nc6 13. Rd1 Qf6 14. Bb5 Nd4 15. Bxd4 exd4 16. O-O Be6 17. Bd3 Qg6 18. Qf4 Rfd8 19. Rc1 Rac8 20. g3 a5 21. Rxc8 Rxc8 22. Rc1 Rxc1+ 23. Nxc1 Qg4 24. Qb8+ Bc8 25. Ne2 h5 26. Qd6 Qf3 27. Nf4 g5 28. Bc4 gxf4 29. Qg6+ Kh8 30. Qf6+ Kh7 31. Qxf7+ Kh6 32. Qf8+ Kg6 33. Bf7+ Kg5 34. Qg7# 1-0


[Site "https://www.chess.com"]

[Event "Titled Tuesday Blitz April 26 Early 2022"]
[White "Andrews, Todd"]
[Black "Nazari, Arad"]
[WhiteFideId "2012456"]
[BlackFideId "12577324"]
[WhiteElo "2354"]
[BlackElo "2129"]
[Result "0-1"]
[Round "02"]
[TimeControl "180+1"]
[Date "2022.04.26"]
[WhiteClock "0:01:57"]
[BlackClock "0:02:21"]

1. d4 Nf6 2. c4 g6 3. Nc3 d5 4. Bf4 Bg7 5. Rc1 O-O 6. e3 c5 7. dxc5 dxc4 8. Qxd8 Rxd8 9. Bxc4 Nbd7 10. c6 bxc6 11. Nf3 Nb6 12. Bb3 Ba6 13. Nd4 Rac8 14. f3 Nfd5 15. Nxd5 cxd5 16. Kf2 e5 17. Nc6 exf4 18. Nxd8 fxe3+ 19. Kxe3 Rxd8 20. Rc7 Re8+ 21. Kf2 Bd4+ 22. Kg3 Be5+ 0-1


[Site "https://www.chess.com"]

[Event "Titled Tuesday Blitz April 26 Early 2022"]
[White "Arabidze, Meri"]
[Black "Zhigalko, Sergei"]
[WhiteFideId "13604040"]
[BlackFideId "13502956"]
[WhiteElo "2335"]
[BlackElo "2662"]
[Result "1-0"]
[Round "02"]
[TimeControl "180+1"]
[Date "2022.04.26"]
[WhiteClock "0:00:10"]
[BlackClock "0:00:05"]

1. d4 Nf6 2. c4 e6 3. Nf3 b6 4. a3 Ba6 5. Qb3 Be7 6. Nc3 d5 7. cxd5 Nxd5 8. Nxd5 exd5 9. Bf4 O-O 10. e3 Bxf1 11. Kxf1 Nc6 12. h4 Na5 13. Qc2 h6 14. g3 Qd7 15. Kg2 Rac8 16. Rad1 Qe6 17. Rhe1 Rfe8 18. e4 Bf8 19. e5 Red8 20. Qe2 c5 21. dxc5 bxc5 22. b4 Nc4 23. bxc5 Bxc5 24. a4 Rb8 25. Nd4 Bxd4 26. Rxd4 Rb2 27. Qf3 Ra2 28. Qb3 Rb2 29. Qd3 Qb6 30. Rd1 Ra2 31. Qf5 Qe6 32. Qxe6 fxe6 33. Rxc4 Rb8 34. Rc7 a5 35. Ra7 Rxa4 36. Rc1 Rc4 37. Rxc4 dxc4 38. Rxa5 Rc8 39. Ra2 Kh7 40. h5 g5 41. hxg6+ Kxg6 42. Rc2 h5 43. Kf3 Kf5 44. Ke3 Kg4 45. Rc3 Kf5 46. Kd4 h4 47. Ke3 h3 48. Kf3 Rc7 49. g4+ Kg6 50. Kg3 Rd7 51. Kxh3 Rd3+ 52. Rxd3 cxd3 53. Kg3 d2 54. Bxd2 1-0


[Site "https://www.chess.com"]

[Event "Titled Tuesday Blitz April 26 Early 2022"]
[White "Aradhya, Garg"]
[Black "Xiong, Jeffery"]
[WhiteFideId "25006746"]
[BlackFideId "2047640"]
[WhiteElo "2169"]
[BlackElo "2727"]
[Result "1-0"]
[Round "02"]
[TimeControl "180+1"]
[Date "2022.04.26"]
[WhiteClock "0:00:33"]
[BlackClock "0:00:20"]

1. d4 d5 2. c4 e6 3. Nc3 Nf6 4. cxd5 exd5 5. Bg5 c6 6. e3 Bd6 7. Bd3 O-O 8. Qc2 h6 9. Bh4 Re8 10. Nf3 Bg4 11. O-O Na6 12. Bxa6 bxa6 13. Bg3 Bxf3 14. gxf3 Nh7 15. Ne2 Re6 16. Kg2 h5 17. Bxd6 Rxd6 18. Rg1 Qh4 19. f4 Nf6 20. Ng3 Qg4 21. Qf5 Rb8 22. b3 a5 23. h3 Qxf5 24. Nxf5 Re6 25. Rac1 g6 26. Nh4 Ne4 27. Rc2 a4 28. bxa4 Rb4 29. Rgc1 Rxa4 30. Nf3 f6 31. Nd2 Nxd2 32. Rxd2 g5 33. f5 Rd6 34. Rdc2 Ra6 35. a4 Kf7 36. a5 Ke7 37. Rc5 Kd7 38. Rb1 Kc7 39. Kf3 Rd8 40. Ke2 Re8 41. f3 Rg8 42. Rg1 Rb8 43. f4 gxf4 44. Rg7+ Kd6 45. Rf7 fxe3 46. Rxf6+ Kd7 47. Kxe3 Rb3+ 48. Kf4 Rxh3 49. Rxd5+ cxd5 50. Rxa6 Rh1 51. Ke5 Kc7 52. Rxa7+ Kc6 53. Rh7 h4 54. Rh6+ Kb5 55. a6 Kc4 56. f6 Re1+ 57. Kd6 Re8 58. f7 Ra8 59. Rxh4 Rxa6+ 60. Ke5 Ra8 61. Rf4 Rf8 62. Ke6 Ra8 63. f8=Q 1-0


[Site "https://www.chess.com"]

[Event "Titled Tuesday Blitz April 26 Early 2022"]
[White "Atanasov, Anthony"]
[Black "Lopez, Henry"]
[WhiteFideId "2623897"]
[BlackFideId "5203830"]
[WhiteElo "1928"]
[BlackElo "2177"]
[Result "0-1"]
[Round "02"]
[TimeControl "180+1"]
[Date "2022.04.26"]
[WhiteClock "0:02:17"]
[BlackClock "0:01:48"]

1. d4 Nf6 2. Nf3 d5 3. Bf4 c5 4. e3 Nc6 5. Nbd2 Bf5 6. dxc5 e6 7. Nd4 Bg6 8. Bb5 Qc8 9. c4 Bxc5 10. cxd5 Nxd5 11. Rc1 Bxd4 12. Nc4 O-O 13. Bxc6 Nxf4 14. Nd6 Nd3+ 15. Qxd3 Bxd3 16. Nxc8 Raxc8 17. exd4 Rxc6 0-1


[Site "https://www.chess.com"]

[Event "Titled Tuesday Blitz April 26 Early 2022"]
[White "Atanejhad, Sahebali"]
[Black "Mohammadian, Mohammad"]
[WhiteFideId "12506664"]
[BlackFideId "12566055"]
[WhiteElo "1953"]
[BlackElo "1544"]
[Result "1-0"]
[Round "02"]
[TimeControl "180+1"]
[Date "2022.04.26"]
[WhiteClock "0:01:06"]
[BlackClock "0:00:01"]

1. d4 Nf6 2. c4 g6 3. Nc3 d5 4. Qb3 dxc4 5. Qxc4 Bg7 6. Bf4 c6 7. e3 O-O 8. Nf3 e6 9. Be2 Nd5 10. Bg3 Nxc3 11. bxc3 Qb6 12. O-O Qd8 13. Rfb1 Nd7 14. a4 a5 15. Qb3 Re8 16. c4 e5 17. c5 exd4 18. Bc4 Qf6 19. exd4 Qf5 20. Re1 Rxe1+ 21. Rxe1 Kf8 22. Bd6+ Kg8 23. Re8+ Bf8 24. Ne5 Nxe5 25. dxe5 Be6 26. Rxa8 Bxc4 27. Rxf8+ Kg7 28. Qb2 Bd5 29. e6+ f6 30. Rxf6 Qxf6 31. Be5 1-0


[Site "https://www.chess.com"]

[Event "Titled Tuesday Blitz April 26 Early 2022"]
[White "Avalos Parra, Joao"]
[Black "Piliczewski, Bogusz"]
[WhiteFideId "3402541"]
[BlackFideId "1104144"]
[WhiteElo "2173"]
[BlackElo "1896"]
[Result "1-0"]
[Round "02"]
[TimeControl "180+1"]
[Date "2022.04.26"]
[WhiteClock "0:00:35"]
[BlackClock "0:00:02"]

1. d4 d5 2. c4 c6 3. Nf3 Nf6 4. e3 e6 5. b3 Nbd7 6. Bb2 Bd6 7. Bd3 Qc7 8. O-O a6 9. Nbd2 O-O 10. Re1 b5 11. e4 dxc4 12. bxc4 bxc4 13. Nxc4 Bb4 14. Re2 a5 15. Rc1 Ba6 16. a3 Be7 17. Rec2 Rfc8 18. Nce5 Nb8 19. Qe2 Bxd3 20. Qxd3 Bd6 21. Nxc6 Nxc6 22. d5 exd5 23. exd5 Nxd5 24. Qxd5 Qb6 25. Rxc6 Rxc6 26. Qxc6 Qxb2 27. Qxa8+ 1-0


[Site "https://www.chess.com"]

[Event "Titled Tuesday Blitz April 26 Early 2022"]
[White "Avazkhonov, Alikhon"]
[Black "Molina, Roberto Junio Brito"]
[WhiteFideId "14208504"]
[BlackFideId "2109450"]
[WhiteElo "1739"]
[BlackElo "2432"]
[Result "1-0"]
[Round "02"]
[TimeControl "180+1"]
[Date "2022.04.26"]
[WhiteClock "0:00:09"]
[BlackClock "0:00:02"]

1. f4 d5 2. Nf3 g6 3. g3 Bg7 4. Bg2 Nf6 5. O-O O-O 6. d3 c5 7. Qe1 Nc6 8. e4 dxe4 9. dxe4 e5 10. Nc3 Nd4 11. fxe5 Ng4 12. Nxd4 Qxd4+ 13. Kh1 Be6 14. Nd5 Nxe5 15. c3 Qc4 16. Bg5 h6 17. Bf6 Bxd5 18. Bxg7 Kxg7 19. exd5 Rae8 20. Qf2 Ng4 21. Qf4 Qxf4 22. Rxf4 f5 23. d6 Rf7 24. Rd1 Rd8 25. h3 Ne3 26. Rd2 Nxg2 27. Kxg2 Rfd7 28. Ra4 Rxd6 29. Re2 Rd2 30. Kf3 Rxe2 31. Kxe2 a6 32. Rc4 Rd5 33. b4 b6 34. bxc5 Rxc5 35. Rxc5 bxc5 36. Kd3 Kf6 37. Kc4 Ke5 38. Kxc5 g5 39. Kc4 Ke4 40. Kb3 Kd3 41. c4 Kd4 42. Kb4 f4 43. gxf4 gxf4 44. c5 f3 45. c6 f2 46. c7 f1=Q 47. c8=Q Qb5+ 48. Ka3 Qd3+ 49. Kb4 Qd2+ 50. Kb3 Qe3+ 51. Kb4 Qe1+ 52. Kb3 Qg3+ 53. Kb4 Qe1+ 54. Kb3 Qe3+ 55. Kb4 Qd2+ 56. Kb3 Qd3+ 57. Kb4 Qb5+ 58. Ka3 Qc5+ 59. Qxc5+ Kxc5 60. Ka4 Kb6 61. Kb4 a5+ 62. Kc4 Kc6 63. a4 h5 64. h4 Kb6 65. Kd5 Kc7 66. Kc5 Kb7 67. Kb5 Kc7 68. Kxa5 Kd6 69. Kb6 1-0


[Site "https://www.chess.com"]

[Event "Titled Tuesday Blitz April 26 Early 2022"]
[White "Bachmann, Axel"]
[Black "Rozman, Levy"]
[WhiteFideId "3700488"]
[BlackFideId "2039877"]
[WhiteElo "2587"]
[BlackElo "2376"]
[Result "0-1"]
[Round "02"]
[TimeControl "180+1"]
[Date "2022.04.26"]
[WhiteClock "0:00:05"]
[BlackClock "0:01:17"]

1. d4 d5 2. Nf3 Nf6 3. g3 Bg4 4. Ne5 h5 5. c4 e6 6. Nc3 c6 7. Qb3 Qb6 8. c5 Qc7 9. Bf4 Qc8 10. Qa4 h4 11. Bg5 hxg3 12. Bxf6 Rxh2 13. Rxh2 gxh2 14. Bg2 Bh3 15. Bh1 gxf6 16. Nd3 Bh6 17. e3 Bg4 18. f3 Bf5 19. Ke2 Nd7 20. Bg2 Qc7 21. Rh1 Qg3 22. Ne1 Bh3 23. Bxh3 Qxh3 24. Qb3 b5 25. cxb6 axb6 26. Qc2 f5 27. Nd1 c5 28. Nf2 Qg3 29. dxc5 bxc5 30. a3 c4 31. Qc3 Bg7 32. Qb4 Rb8 33. Qa4 Rxb2+ 34. Kf1 Rxf2# 0-1


[Site "https://www.chess.com"]

[Event "Titled Tuesday Blitz April 26 Early 2022"]
[White "Bacrot, Etienne"]
[Black "Ljukin, Sergei"]
[WhiteFideId "605506"]
[BlackFideId "14102200"]
[WhiteElo "2847"]
[BlackElo "2544"]
[Result "1-0"]
[Round "02"]
[TimeControl "180+1"]
[Date "2022.04.26"]
[WhiteClock "0:00:10"]
[BlackClock "0:00:08"]

1. e4 e6 2. Nf3 d5 3. exd5 exd5 4. d4 Nf6 5. Bd3 c5 6. O-O Nc6 7. Re1+ Be7 8. dxc5 O-O 9. Be3 Ng4 10. Nbd2 Nxe3 11. Rxe3 Bxc5 12. Re2 Bg4 13. h3 Bh5 14. c3 Qb6 15. Qc2 Bg6 16. Nb3 Bd6 17. Rae1 Rac8 18. Qd1 Bh5 19. g4 Bg6 20. Bxg6 hxg6 21. Qxd5 Rcd8 22. Qc4 Bb8 23. Kg2 Kh8 24. Nbd4 Nxd4 25. cxd4 f6 26. Nh4 Kh7 27. Nf3 Qd6 28. Re6 Qf4 29. R1e4 Qh6 30. Re2 Bd6 31. d5 Rc8 32. Qd3 Rfd8 33. R2e4 Rc1 34. g5 fxg5 35. Rg4 Bf4 36. Ne5 Bxe5 37. Rxe5 Rd6 38. Rexg5 Kg8 39. Qg3 Rb6 40. Rh4 1-0


[Site "https://www.chess.com"]

[Event "Titled Tuesday Blitz April 26 Early 2022"]
[White "Bas Mas, Jose Joaquin"]
[Black "Suder, Jakub"]
[WhiteFideId "22219064"]
[BlackFideId "1195310"]
[WhiteElo "2212"]
[BlackElo "2058"]
[Result "1-0"]
[Round "02"]
[TimeControl "180+1"]
[Date "2022.04.26"]
[WhiteClock "0:01:05"]
[BlackClock "0:00:59"]

1. e4 c5 2. Nc3 e6 3. Nf3 Nc6 4. d4 cxd4 5. Nxd4 Nf6 6. Nxc6 bxc6 7. Bd3 d5 8. O-O Be7 9. Qe2 O-O 10. b3 a5 11. Bb2 Qb6 12. Na4 Qa7 13. c4 Bb7 14. e5 Nd7 15. Qh5 g6 16. Qg4 Nc5 17. Nxc5 Bxc5 18. h4 Rad8 19. h5 Kg7 20. Qg5 Rfe8 21. Qf6+ Kg8 22. hxg6 fxg6 23. Rad1 Bf8 24. Bxg6 hxg6 25. Qxg6+ Bg7 26. Rd3 Bc8 27. Rh3 Qf7 28. Qh7+ Kf8 29. Ba3+ Re7 30. Rf3 1-0


[Site "https://www.chess.com"]

[Event "Titled Tuesday Blitz April 26 Early 2022"]
[White "Bashirli, Saadat"]
[Black "Guliev, Logman"]
[WhiteFideId "13429990"]
[BlackFideId "13400061"]
[WhiteElo "1173"]
[BlackElo "2128"]
[Result "0-1"]
[Round "02"]
[TimeControl "180+1"]
[Date "2022.04.26"]
[WhiteClock "0:00:56"]
[BlackClock "0:01:36"]

1. d4 d5 2. Bg5 Nf6 3. Nd2 e6 4. e4 dxe4 5. Nxe4 Be7 6. Bxf6 Bxf6 7. c3 O-O 8. Nf3 b6 9. Bd3 Bb7 10. O-O Nd7 11. Bc2 c5 12. dxc5 Nxc5 13. Qe2 Ba6 14. c4 Nxe4 15. Qxe4 g6 16. Rad1 Qc7 17. b3 Rad8 18. Rfe1 Bb7 19. Qe3 Kg7 20. Nd4 Qc5 21. Nf3 Qh5 22. Rxd8 Rxd8 23. Rd1 Rxd1+ 24. Bxd1 Qf5 25. h3 h5 26. Kh2 Qb1 27. Qd2 e5 28. Be2 e4 29. Nd4 Be5+ 30. g3 e3 31. Qd1 Qxd1 32. Bxd1 exf2 33. Be2 Bxd4 0-1


[Site "https://www.chess.com"]

[Event "Titled Tuesday Blitz April 26 Early 2022"]
[White "Begunov, Konstantin"]
[Black "Kejzar, Petra"]
[WhiteFideId "4118510"]
[BlackFideId "14610213"]
[WhiteElo "2262"]
[BlackElo "2003"]
[Result "1-0"]
[Round "02"]
[TimeControl "180+1"]
[Date "2022.04.26"]
[WhiteClock "0:00:30"]
[BlackClock "0:00:21"]

1. d4 Nf6 2. c4 d6 3. Nc3 e5 4. Nf3 Nbd7 5. g3 g6 6. Bg2 Bg7 7. O-O O-O 8. e4 a5 9. h3 c6 10. Be3 Qc7 11. c5 dxc5 12. dxe5 Nxe5 13. Nxe5 Qxe5 14. f4 Qe7 15. e5 Nd5 16. Nxd5 cxd5 17. Qxd5 Rd8 18. Qxc5 Qxc5 19. Bxc5 Rd2 20. Rfd1 Rxd1+ 21. Rxd1 Be6 22. Bxb7 Rb8 23. b3 Bf8 24. Bxf8 Kxf8 25. Bg2 a4 26. bxa4 Bxa2 27. Ra1 Bc4 28. a5 Ba6 29. Bf1 Ra8 30. Bxa6 Rxa6 31. Kf2 Ke7 32. Ke3 Kd7 33. Kd4 Kc6 34. Kc4 Kb7 35. Kd5 Ka7 36. g4 Re6 37. a6 Rb6 38. f5 Rb5+ 39. Kd6 Rb6+ 40. Ke7 gxf5 41. gxf5 Rb5 42. Kf6 Rc5 43. h4 Rb5 44. h5 Rc5 45. h6 1-0


[Site "https://www.chess.com"]

[Event "Titled Tuesday Blitz April 26 Early 2022"]
[White "Belozerov, Andrei"]
[Black "Vasquez Schroeder, Rodrigo"]
[WhiteFideId "4120213"]
[BlackFideId "3400042"]
[WhiteElo "2320"]
[BlackElo "2561"]
[Result "1-0"]
[Round "02"]
[TimeControl "180+1"]
[Date "2022.04.26"]
[WhiteClock "0:00:15"]
[BlackClock "0:00:38"]

1. e4 c5 2. Nf3 d6 3. d4 cxd4 4. Nxd4 Nf6 5. Nc3 a6 6. Be3 e5 7. Nb3 Be6 8. f3 h5 9. Nd5 Bxd5 10. exd5 Nbd7 11. Qd2 Qc7 12. O-O-O g6 13. Kb1 Bg7 14. Be2 O-O 15. g4 a5 16. a4 Rfc8 17. g5 Ne8 18. Bb5 Qd8 19. c3 Nc7 20. Qe2 Na6 21. h4 Nac5 22. Nxc5 Nxc5 23. Rhf1 Qe7 24. Rde1 Rf8 25. Qc2 Qc7 26. f4 exf4 27. Bxf4 Rad8 28. Re2 f5 29. gxf6 Rxf6 30. Ref2 Rdf8 31. Bg3 Rxf2 32. Rxf2 Rxf2 33. Bxf2 Qf7 34. Bxc5 dxc5 35. d6 Bf6 36. Qe4 Kh7 37. d7 Kg7 38. Bd3 b6 39. Kc2 Bd8 40. Bb5 Qf2+ 41. Kb3 Qxh4 42. Qe8 Qf6 43. Bc4 h4 44. Be6 g5 45. Kc4 Qf1+ 46. Kd5 Qf3+ 47. Kd6 Qf4+ 48. Kc6 Qc7+ 49. Kb5 Kf6 50. Qf7+ Ke5 51. Bc4 Qd6 52. Qe8+ Qe7 53. Ka6 g4 54. Kb7 Kf4 55. Kc8 g3 56. Qxd8 Qxd8+ 57. Kxd8 g2 58. Kc7 g1=Q 59. d8=Q Qg3 60. Qd6+ Ke3 61. Qxg3+ hxg3 62. Bd5 Kd3 63. Kxb6 Kc2 64. Kxc5 Kxb2 65. Kb5 Kxc3 66. Kxa5 Kd4 67. Bg2 Kc5 68. Ka6 Kb4 69. a5 Ka4 70. Kb6 Kb4 71. a6 1-0


[Site "https://www.chess.com"]

[Event "Titled Tuesday Blitz April 26 Early 2022"]
[White "Bongo Akanga Ndjila, Barthelemy"]
[Black "Devaev, Alexander"]
[WhiteFideId "10609431"]
[BlackFideId "4169395"]
[WhiteElo "1768"]
[BlackElo "2185"]
[Result "0-1"]
[Round "02"]
[TimeControl "180+1"]
[Date "2022.04.26"]
[WhiteClock "0:01:21"]
[BlackClock "0:01:27"]

1. d4 Nf6 2. c4 e6 3. Nc3 Bb4 4. a3 Bxc3+ 5. bxc3 c5 6. f3 Nc6 7. e4 d6 8. Be3 b6 9. Bd3 e5 10. Ne2 h6 11. O-O Qe7 12. Rb1 Bd7 13. d5 Na5 14. Ng3 g6 15. f4 Ng4 16. Bd2 exf4 17. Bxf4 Ne5 18. Qe2 g5 19. Bxe5 Qxe5 20. Rbe1 O-O 21. Nh5 f5 22. exf5 Qxe2 23. Rxe2 Kf7 24. f6 Rae8 25. Rfe1 Rxe2 26. Rxe2 Re8 27. Rxe8 Kxe8 28. Bg6+ Kf8 29. h4 Bg4 30. hxg5 Bxh5 31. Bxh5 hxg5 32. Kf2 Nxc4 33. Kg3 Ne5 34. Bd1 Kf7 35. Kf2 Kxf6 36. Ke3 Nc4+ 37. Ke4 Nxa3 0-1


[Site "https://www.chess.com"]

[Event "Titled Tuesday Blitz April 26 Early 2022"]
[White "Bortnyk, Olexandr"]
[Black "Hasangatin, Ramil"]
[WhiteFideId "14120828"]
[BlackFideId "4122160"]
[WhiteElo "2723"]
[BlackElo "2375"]
[Result "1-0"]
[Round "02"]
[TimeControl "180+1"]
[Date "2022.04.26"]
[WhiteClock "0:00:05"]
[BlackClock "0:00:04"]

1. e4 d5 2. exd5 Qxd5 3. Nc3 Qd6 4. d4 Nf6 5. Bd3 c6 6. Nge2 Bg4 7. f3 Bh5 8. Bf4 Qd8 9. Qd2 Bg6 10. O-O-O e6 11. Ne4 Be7 12. h4 Nd5 13. Be5 Nb4 14. Bxg7 Rg8 15. Be5 Nxa2+ 16. Kb1 Nb4 17. Nf6+ Bxf6 18. Qxb4 Bxe5 19. dxe5 Qe7 20. Qb3 Bxd3 21. Qxd3 Nd7 22. Qd4 Rxg2 23. Nf4 Rg8 24. Nh5 O-O-O 25. Qxa7 Qc5 26. Qxc5 Nxc5 27. Nf6 Rg7 28. Rxd8+ Kxd8 29. Rd1+ Kc8 30. h5 h6 31. f4 Rg2 32. b4 Na6 33. c3 Nc7 34. c4 Na6 35. Rd7 Nxb4 36. Rxf7 Nd3 37. Ne4 Kb8 38. Rd7 Nxf4 39. Nd6 Nxh5 40. Rxb7+ Ka8 41. Re7 Nf4 42. Rc7 Re2 43. Rxc6 Rxe5 44. c5 Nd3 45. Rc8+ Ka7 46. c6 Rc5 47. c7 Kb6 48. Ne8 Ka7 49. Rb8 Rxc7 50. Rd8 Nc5 51. Nxc7 1-0


[Site "https://www.chess.com"]

[Event "Titled Tuesday Blitz April 26 Early 2022"]
[White "Buchenau, Frank"]
[Black "Gu, Xiaobing"]
[WhiteFideId "4604350"]
[BlackFideId "8602611"]
[WhiteElo "2193"]
[BlackElo "2174"]
[Result "1-0"]
[Round "02"]
[TimeControl "180+1"]
[Date "2022.04.26"]
[WhiteClock "0:00:11"]
[BlackClock "0:00:06"]

1. e4 c5 2. Nf3 d6 3. Bb5+ Nc6 4. O-O Bd7 5. Re1 Nf6 6. c3 a6 7. Bc4 Bg4 8. d4 cxd4 9. cxd4 Bxf3 10. gxf3 e6 11. d5 Ne5 12. Bf1 exd5 13. exd5 Be7 14. f4 Ng6 15. f5 Ne5 16. f4 Neg4 17. Qe2 O-O 18. h3 Qb6+ 19. Kg2 Nh6 20. Be3 Qa5 21. Nc3 Nxd5 22. Nxd5 Qxd5+ 23. Kh2 Nxf5 24. Rad1 Qa5 25. Bd2 Qb6 26. Bc3 Rae8 27. Qg4 g6 28. Rd5 Qf2+ 29. Bg2 Ne3 30. Rxe3 Qxe3 31. f5 Bd8 32. fxg6 fxg6 33. Rd4 Bb6 34. Bd5+ Rf7 35. Rf4 Qg1+ 36. Qxg1 Re2+ 37. Qg2 Rxg2+ 38. Kxg2 Kf8 39. Rxf7+ Ke8 40. Rxh7 1-0


[Site "https://www.chess.com"]

[Event "Titled Tuesday Blitz April 26 Early 2022"]
[White "Cagara, Paulina"]
[Black "Karas, Marek"]
[WhiteFideId "1124870"]
[BlackFideId "14928558"]
[WhiteElo "1780"]
[BlackElo "2271"]
[Result "1-0"]
[Round "02"]
[TimeControl "180+1"]
[Date "2022.04.26"]
[WhiteClock "0:00:52"]
[BlackClock "0:00:20"]

1. e4 e6 2. d4 d5 3. Nc3 Nf6 4. e5 Nfd7 5. f4 c5 6. Nf3 Nc6 7. Be3 Be7 8. Qd2 O-O 9. Bb5 a6 10. Bxc6 bxc6 11. O-O cxd4 12. Nxd4 Bb7 13. f5 c5 14. fxe6 cxd4 15. exf7+ Kh8 16. Bxd4 Bc5 17. e6 Bxd4+ 18. Qxd4 Nf6 19. Rae1 Qe7 20. Re5 Rad8 21. h3 Rd6 22. Rfe1 Ne4 23. Nxe4 dxe4 24. Qxd6 Qxd6 25. e7 Rxf7 26. e8=Q+ Rf8 27. Qe7 Qb6+ 28. Kh1 Rg8 29. Rf5 Qg6 30. Rf8 h6 31. Rxg8+ Kxg8 32. Qxb7 1-0


[Site "https://www.chess.com"]

[Event "Titled Tuesday Blitz April 26 Early 2022"]
[White "Chernomordik, Pavel"]
[Black "Mangialardo, Tiago Carvalho"]
[WhiteFideId "2804530"]
[BlackFideId "2130718"]
[WhiteElo "2220"]
[BlackElo "2051"]
[Result "1-0"]
[Round "02"]
[TimeControl "180+1"]
[Date "2022.04.26"]
[WhiteClock "0:01:44"]
[BlackClock "0:00:03"]

1. e4 Nf6 2. Nc3 d5 3. e5 Nfd7 4. f4 e6 5. Nf3 c5 6. g3 Nc6 7. Bg2 f6 8. O-O fxe5 9. fxe5 Ndxe5 10. Nxe5 Nxe5 11. Qh5+ Ng6 12. d3 Be7 13. Bd2 Bf6 14. Rae1 O-O 15. Bh3 Bd4+ 16. Kh1 Rxf1+ 17. Rxf1 Bd7 18. Nxd5 Kh8 19. Nc3 Bc6+ 20. Bg2 Qd6 21. Ne4 Qe7 22. Ng5 Bxg2+ 23. Kxg2 h6 24. Nf7+ Kh7 25. Nxh6 gxh6 26. Qxh6+ Kg8 27. Qxg6+ Bg7 28. Bc3 1-0


[Site "https://www.chess.com"]

[Event "Titled Tuesday Blitz April 26 Early 2022"]
[White "Chincholimath, Halsagar"]
[Black "Hamley, Ryan"]
[WhiteFideId "5022487"]
[BlackFideId "30959497"]
[WhiteElo "1737"]
[BlackElo "2443"]
[Result "0-1"]
[Round "02"]
[TimeControl "180+1"]
[Date "2022.04.26"]
[WhiteClock "0:00:17"]
[BlackClock "0:01:23"]

1. e4 c5 2. c3 d5 3. exd5 Nf6 4. Nf3 Nxd5 5. d4 cxd4 6. cxd4 Nc6 7. h3 g6 8. Bc4 Bg7 9. O-O O-O 10. Bg5 Nb6 11. Bb3 Nxd4 12. Nxd4 Qxd4 13. Qxd4 Bxd4 14. Bxe7 Bxb2 15. Bxf8 Bxa1 16. Bc5 Bf5 17. Nd2 Bf6 18. g4 Bd3 19. Rd1 Rc8 20. Be3 Kg7 21. Kg2 h6 22. Nf3 Be4 23. a4 Rc3 24. Ba2 Ra3 25. Bb1 Bc6 26. Bd3 Nd5 27. Bxa7 Nf4+ 0-1


[Site "https://www.chess.com"]